 Dungeon Sprint DCSS version 0.22-a0-362-g535178c (webtiles) character file.

2153 Kidiri the Covert (level 9, -1/47 HPs)
             Began as a Spriggan Enchanter on Apr 21, 2018.
             Was a Follower of Dithmenos.
             Shot with an arrow by a centaur warrior (26 damage)
             ... in the Dungeon (Sprint I: "Red Sonja").
             The game lasted 00:03:17 (710 turns).

Kidiri the Covert (Spriggan Enchanter)               Turns: 710, Time: 00:03:17

Health: -1/47      AC:  4    Str:  4    XL:     9   Next: 10%
Magic:  19/24      EV: 26    Int: 18    God:    Dithmenos [*.....]
Gold:   546        SH:  3    Dex: 18    Spells: 17/29 levels left

rFire    . . .     SeeInvis +   m - +2 short sword (venom)
rCold    . . .     Gourm    .   (shield restricted)
rNeg     . . .     Faith    .   n - +0 troll leather armour
rPois    .         Spirit   .   (helmet restricted)
rElec    .         Reflect  +   (no cloak)
rCorr    .         Harm     .   (gloves unavailable)
MR       +....     NoTele   +   (boots unavailable)
Stlth    ++++++....             o - +3 amulet of reflection
HPRegen  0.55/turn              k - ring of wizardry
MPRegen  0.19/turn              (no ring)

@: wreathed by umbra, very quick
A: very small, unfitting armour, see invisible, herbivore, speed 3, slow
metabolism 2
a: Renounce Religion


You were in the Dungeon.
You worshipped Dithmenos.
Dithmenos was aware of your devotion.
You were not hungry.

You visited 1 branch You collected 546 gold pieces.

Inventory:

Hand Weapons
 a - a +1 dagger
 m - a +2 short sword of venom (weapon)
Armour
 b - a +0 robe
 n - a +0 troll leather armour (worn)
Jewellery
 k - a ring of wizardry (left hand)
 o - a +3 amulet of reflection (around neck)
Wands
 c - a wand of random effects (18)
Scrolls
 j - a scroll of blinking
 l - a scroll of magic mapping {unknown}
Potions
 e - a potion of curing
 f - a potion of heal wounds
 g - a potion of haste
 h - 2 potions of magic
 i - 2 potions of berserk rage
Comestibles
 d - a ration


   Skills:
 + Level 5.1 Fighting
 * Level 9.8 Short Blades
 + Level 4.6 Armour
 * Level 12.5 Dodging
 * Level 13.7 Stealth
 * Level 10.8 Spellcasting
 + Level 8.4 Hexes


You had 17 spell levels left.
You knew the following spells:

 Your Spells              Type           Power        Failure   Level  Hunger
a - Corona                Hex            #####..      1%          1    None
b - Ensorcelled Hibernat  Hex/Ice        ###...       1%          2    None
c - Confuse               Hex            #####...     1%          3    None
d - Tukima's Dance        Hex            #####...     1%          3    None
e - Dazzling Spray        Conj/Hex       ###...       2%          3    None


Dungeon Overview and Level Annotations

Branches:
Dungeon (1/1)

Altars:
Cheibriados
Dithmenos
Elyvilon
Fedhas
Gozag
Hepliaklqana
Kikubaaqudgha
Nemelex Xobeh
Okawaru
Qazlal
Ru
Sif Muna
Trog
Uskayaw
Vehumet
Wu Jian
Yredelemnul
Zin
The Shining One

Shops:
D }([

Annotations:
D exclusion: 4 doors


Innate Abilities, Weirdness & Mutations

You are very small and have problems with some larger weapons.
You are too small for most types of armour.
You have supernaturally acute eyesight. (SInv)
You are a herbivore.
You cover ground extremely quickly.
You need to consume almost no food.


Message History

Press: ? - help, Shift-Dir - straight line, f/p - centaur warrior
Aim: a centaur warrior (purple smoke, chance to defeat MR: 35%)
The centaur warrior looks drowsy...
The centaur warrior wields a longbow.
The centaur warrior shoots an arrow.
The arrow hits you!!
The helpless centaur warrior fails to defend itself.
You spit the centaur warrior like a pig!!!
You kill the centaur warrior!
Dithmenos accepts your kill.
You are shrouded in an aura of darkness!
You hear a splash. x2
Your Fighting skill increases to level 5!
Your Dodging skill increases to level 12!
Your Hexes skill increases to level 8!
You have reached level 9!
Your experience leads to an increase in your attributes!
Increase (S)trength, (I)ntelligence, or (D)exterity?
You feel agile.
The centaur warrior shoots an arrow.
The arrow hits you!!
Ouch! That really hurt!
You die...

###############
<.#..'..#.)'..#
..)..#..'..#..+
..#####+#####'# ###
).####..#...#.####§§#
..#__####..##)#§§§§§#
..#_____##+#_.+§§§c§
⌠⌠#_.∩...+..._#§§§§§
###_..__##_.#+##@###
#_____###'#.#..(.###
###########.####§###(##
∩........+...'..†..+(∩#
##++++####.).##########
##.## #+#


You could see a centaur warrior.

Vanquished Creatures
  A centaur warrior (D)
  Sonja (D)
  A deep troll (D)
  Sigmund (D)
  A yak (D)
  An ogre (D)
  A jelly (D)
  Ijyb (D)
8 creatures vanquished.

Notes
Turn   | Place    | Note
-------+----------+-------------------------------------------
     0 | D        | Kidiri the Spriggan Enchanter began the quest for the Orb.
     0 | D        | Reached XP level 1. HP: 9/9 MP: 5/5
     2 | D        | Noticed Ijyb
    26 | D        | Killed Ijyb
    26 | D        | Reached skill level 1 in Fighting
    26 | D        | Reached skill level 5 in Stealth
    26 | D        | Reached XP level 2. HP: 2/14 MP: 4/7
   302 | D        | Learned a level 2 spell: Ensorcelled Hibernation
   382 | D        | Noticed an ogre
   390 | D        | Killed an ogre
   390 | D        | Reached skill level 1 in Armour
   390 | D        | Reached skill level 7 in Stealth
   390 | D        | Reached skill level 5 in Spellcasting
   390 | D        | Reached XP level 3. HP: 18/18 MP: 1/10
   390 | D        | Reached XP level 4. HP: 23/23 MP: 1/12
   395 | D        | Learned a level 3 spell: Confuse
   399 | D        | Learned a level 3 spell: Tukima's Dance
   403 | D        | Learned a level 3 spell: Dazzling Spray
   479 | D        | Noticed Sigmund
   481 | D        | Killed Sigmund
   481 | D        | Reached skill level 5 in Short Blades
   481 | D        | Reached skill level 9 in Stealth
   481 | D        | Reached skill level 5 in Hexes
   481 | D        | Reached XP level 5. HP: 28/28 MP: 13/15
   481 | D        | Reached XP level 6. HP: 32/32 MP: 13/16
   513 | D        | Found an ornate altar of the Wu Jian Council.
   513 | D        | Found a deep blue altar of Sif Muna.
   515 | D        | Found a radiant altar of Vehumet.
   557 | D        | Found Imaen's Weapon Emporium.
   557 | D        | Found an ancient bone altar of Kikubaaqudgha.
   557 | D        | Found a hazy altar of Hepliaklqana.
   557 | D        | Found a stormy altar of Qazlal.
   557 | D        | Found a hide-covered altar of Uskayaw.
   557 | D        | Found a blossoming altar of Fedhas.
   557 | D        | Found a bloodstained altar of Trog.
   557 | D        | Found an iron altar of Okawaru.
   557 | D        | Found a basalt altar of Yredelemnul.
   557 | D        | Found a glowing golden altar of the Shining One.
   557 | D        | Found a snail-covered altar of Cheibriados.
   557 | D        | Found a sacrificial altar of Ru.
   557 | D        | Found a glowing silver altar of Zin.
   557 | D        | Found a shadowy altar of Dithmenos.
   557 | D        | Found a white marble altar of Elyvilon.
   557 | D        | Noticed a yak
   560 | D        | Killed a yak
   560 | D        | Reached skill level 10 in Stealth
   561 | D        | Found an opulent altar of Gozag.
   562 | D        | Found a sparkling altar of Nemelex Xobeh.
   570 | D        | Became a worshipper of Dithmenos the Shadowed
   594 | D        | Noticed Sonja
   598 | D        | Killed Sonja
   598 | D        | Reached skill level 10 in Dodging
   598 | D        | Reached skill level 12 in Stealth
   598 | D        | Reached XP level 7. HP: 37/37 MP: 17/20
   598 | D        | Reached XP level 8. HP: 42/42 MP: 18/22
   615 | D        | Found Syolojig's Gadget Boutique.
   639 | D        | Noticed a deep troll
   643 | D        | Killed a deep troll
   643 | D        | Reached skill level 13 in Stealth
   643 | D        | Reached skill level 10 in Spellcasting
   653 | D        | Found Saicav's Armour Emporium.
   707 | D        | Noticed a centaur warrior
   708 | D        | Noticed a centaur warrior
   710 | D        | Killed a centaur warrior
   710 | D        | Reached * piety under Dithmenos
   710 | D        | Reached skill level 5 in Fighting
   710 | D        | Reached XP level 9. HP: 24/47 MP: 19/24
   710 | D        | Shot with an arrow by a centaur warrior

Vault maps used:
D:        dungeon_sprint_1

Skill      XL: |  1  2  3  4  5  6  7  8 |
---------------+-------------------------+-----
Fighting       | 1 2 4 5 |  5.1
Short Blades   | 2 4 5 8 9 |  9.8
Dodging        | 4 6 8 10 12 | 12.5
Stealth        | 5 7 9 12 13 | 13.7
Spellcasting   | 3 5 6 9 10 | 10.8
Hexes          | 4 5 7 8 |  8.4
Armour         | 1 2 3 4 |  4.6

Action                   |  1- 3 |  4- 6 |  7- 9 || total
-------------------------+-------+-------+-------++-------
Melee: Dagger            |    18 |     4 |       ||    22
       Short sword       |       |       |     2 ||     2
 Cast: Corona            |     2 |       |       ||     2
       Ensorcelled Hiber |     3 |     2 |     2 ||     7
  Use: Potion            |     1 |       |       ||     1
 Stab: Sleeping          |     1 |     4 |     2 ||     7
Armor: Robe              |     1 |       |       ||     1
Dodge: Dodged            |     5 |     1 |     1 ||     7

Table legend:
 A = Spawn XP
 B = Non-spawn XP
 C = Spawn XP percentage of total XP
 D = Spawn monster count
 E = Non-spawn monster count
 F = Spawn count percentage of total count
 G = Total turns spent on level
                    A         B        C        D         E        F      G
               +---------+---------+-------+---------+---------+-------+---------
         Total |       0 |    3076 |   0.0 |       0 |       8 |   0.0 |   710
               +---------+---------+-------+---------+---------+-------+---------
             D |       0 |    3076 |   0.0 |       0 |       8 |   0.0 |   710
               +---------+---------+-------+---------+---------+-------+---------
